 Dungeon Crawl Stone Soup version 0.28.0-53-g5a82cb258f (webtiles) character file.

Game seed: 15027164589053035181

56683 Gabide the Martial Artist (level 14, 0/120 HPs)
             Began as a Mummy Monk on June 2, 2022.
             Was the Champion of Dithmenos.
             Slain by Frances
             ... wielding a +4 vorpal scimitar
              (21 damage)
             ... on level 12 of the Dungeon.
             The game lasted 01:29:16 (30789 turns).

Gabide the Martial Artist (Mummy Monk)             Turns: 30789, Time: 01:29:17

Health: 0/120      AC: 10    Str: 17    XL:     14   Next: 42%
Magic:  14/14      EV: 21    Int:  9    God:    Dithmenos [******]
Gold:   1565       SH:  0    Dex: 23    Spells: 13/13 levels left

rFire   x . .      SeeInvis .     - Unarmed
rCold   + . .      Faith    +   (no shield)
rNeg    + + +      Spirit   .   K - +0 troll leather armour
rPois   ∞          Reflect  .   (no helmet)
rElec   .          Harm     .   z - +2 cloak {Stlth+}
rCorr   .          Rampage  .   i - +0 pair of gloves
Will    ++...                   D - +1 pair of boots
Stlth   ++++++....              m - amulet of faith
HPRegen 1.10/turn               L - +6 ring of dexterity
MPRegen 0.14/turn               l - ring of willpower

@: about to teleport, spiked, wreathed by umbra
A: cold resistance 1, negative energy resistance 3, torment resistance 2, heat
vulnerability 1, in touch with death 1, no potions
a: Renounce Religion, Shadow Step, Shadow Form


You were on level 12 of the Dungeon.
You worshipped Dithmenos.
Dithmenos was exalted by your worship.
You visited 3 branches of the dungeon, and saw 19 of its levels.

You collected 1565 gold pieces.

Inventory:

Hand Weapons
 B - the +8 woodcutter's axe {vorpal}
   (You found it on level 9 of the Dungeon)

   It inflicts extra damage upon your enemies.
 J - the +1 rapier "Sarcophage" {antimagic, rC++ Will++ Stlth-}
   (You took it off a centaur on level 12 of the Dungeon)

   It reduces the magical energy of the wielder, and disrupts the spells and
   magical abilities of those it strikes.
   Natural abilities and divine invocations are not affected.
   rC:        It greatly protects you from cold.
   Will:      It greatly increases your willpower.
   Stlth:     It makes you less stealthy.
Missiles
 d - 3 poisoned darts (quivered)
 t - 7 javelins
 E - 5 datura-tipped darts
 M - a curare-tipped dart
Armour
 b - a +0 ring mail
 i - a +0 pair of gloves (worn)
 s - an orb of mayhem
 x - a +2 robe of willpower
 z - a +2 cloak of stealth (worn)
 D - a +1 pair of boots (worn)
 K - a +0 troll leather armour (worn)
 N - a +0 scale mail
Jewellery
 g - a ring of protection from fire
 k - a ring of magical power
 l - a ring of willpower (right hand)
 m - an amulet of faith (around neck)
 n - a ring of protection from cold
 F - a ring of protection from fire
 G - an amulet of reflection
 L - a +6 ring of dexterity (left hand)
Wands
 e - a wand of flame (7)
 f - a wand of digging (4)
 o - a wand of iceblast (2)
 v - a wand of paralysis (1)
 w - a wand of mindburst (5)
 C - a wand of polymorph (9)
Scrolls
 a - 4 scrolls of brand weapon
 c - 6 scrolls of vulnerability
 h - a scroll of enchant weapon
 p - 4 scrolls of magic mapping
 q - 2 scrolls of immolation
 r - 5 scrolls of amnesia
 u - a scroll of identify
 y - a scroll of teleportation
 A - 2 scrolls of fear
 H - 2 scrolls of fog
 I - 3 scrolls of silence
Miscellaneous
 j - a lightning rod (4/4)


   Skills:
 - Level 14.0 Fighting
 - Level 12.0 Dodging
 - Level 1.5 Stealth
 + Level 14.6 Unarmed Combat


You had 13 spell levels left.
You didn't know any spells.
Your spell library contained the following spells:

 Spells                   Type           Power      Damage    Failure   Level
 Foxfire                  Conj/Fire      0%         2x1d4     45%         1
 Freeze                   Ice            0%         1d3       45%         1
 Slow                     Hex            0%         N/A       45%         1
 Confusing Touch          Hex            0%         N/A       83%         3
 Conjure Flame            Conj/Fire      0%         6-21      83%         3
 Frozen Ramparts          Ice            0%         1d2       83%         3
 Gell's Gravitas          Tloc           0%         N/A       83%         3
 Inner Flame              Hex/Fire       0%         N/A       83%         3
 Lesser Beckoning         Tloc           0%         N/A       83%         3
 Ozocubu's Armour         Ice            0%         N/A       83%         3
 Teleport Other           Tloc           0%         N/A       83%         3
 Tukima's Dance           Hex            0%         N/A       83%         3
 Vampiric Draining        Necr           0%         2d6       83%         3
 Animate Dead             Necr           0%         N/A       99%         4
 Flame Wave               Conj/Fire      0%         2d4       99%         4
 Hailstorm                Conj/Ice       0%         3d3       99%         4
 Passage of Golubria      Tloc           0%         N/A       99%         4
 Petrify                  Tmut/Erth      0%         N/A       99%         4
 Borgnjor's Vile Clutch   Necr/Erth      0%         N/A       100%        5
 Irradiate                Conj/Tmut      0%         3d13      100%        5
 Metabolic Englaciation   Hex/Ice        0%         N/A       100%        5
 Yara's Violent Unravell  Hex/Tmut       0%         3d3       100%        5
 Death Channel            Necr           0%         N/A       100%        6
 Haunt                    Necr/Summ      0%         N/A       100%        7
 Ozocubu's Refrigeration  Ice            0%         4d5       100%        7
 Summon Hydra             Summ           0%         N/A       100%        7
 Infestation              Necr           0%         N/A       100%        8
 Sublimation of Blood     Necr           Unusable   N/A       N/A         2
 Wereblood                Tmut           Unusable   N/A       N/A         2
 Statue Form              Tmut/Erth      Unusable   N/A       N/A         6

Dungeon Overview and Level Annotations

Branches:
Dungeon (12/15)            Temple (1/1) D:4            Lair (6/6) D:10
  Swamp (0/4) Lair:2        Snake (0/4) Lair:3        Slime (0/5) Lair:6
    Orc (0/2) D:12

Altars:
Ashenzari
Cheibriados
Dithmenos
Elyvilon
Fedhas
Gozag
Hepliaklqana
Kikubaaqudgha
Makhleb
Nemelex Xobeh
Okawaru
Qazlal
Ru
Sif Muna
Trog
Uskayaw
Vehumet
Wu Jian
Xom
Yredelemnul
Zin
The Shining One
Jiyva

Shops:
D:1 (   D:5 (

Annotations:
D:9 exclusion: two-headed ogre, Harold
D:12 exclusions: boulder beetle, ogre and orc wizard, Frances
Lair:1 exclusion: 2 oklob plants
Lair:4 exclusion: 3 oklob plants


Innate Abilities, Weirdness & Mutations

You are immune to poison.
Your flesh is cold resistant. (rC+)
You are immune to negative energy. (rN+++)
You are immune to unholy pain and torment.
You are vulnerable to heat. (rF-)
You are in touch with the powers of death.
You do not drink.


Message History

You punch Frances!
Frances is lightly wounded.
Your shadow barely misses Frances.
Frances hits you with a +4 vorpal scimitar!
You emit a cloud of dark smoke.
You hit Frances.
Frances is lightly wounded.
Frances whispers indecipherable words.
You pummel Frances!!
Frances is moderately wounded.
You barely miss Frances. You punch Frances, but do no damage.
Frances is moderately wounded.
Frances mutters in a terrible tongue.
The iron shot hits you! The red devil completely misses you.
You punch Frances!
Frances is heavily wounded.
Frances sneers.
Frances screams a word of power!
The shard of ice hits you!! You partially resist.
You emit a cloud of dark smoke.
The red devil hits you from afar with a +0 trident.
Barbed spikes become lodged in your body.
You hit Frances.
Frances is heavily wounded.
Your shadow hits Frances.
Frances hits you with a +4 vorpal scimitar!!
Unknown command.
You punch Frances!
Frances is heavily wounded.
The red devil misses you.
You barely miss Frances.
Frances is severely wounded.
Frances hits you with a +4 vorpal scimitar!!
* * * LOW HITPOINT WARNING * * *
x2 The red devil barely misses you.
Unknown command.
As you read the scroll of teleportation, it crumbles to dust.
You feel strangely unstable.
Frances hits you with a +4 vorpal scimitar!!
You die...

WO.O.....###...#..#..###.##.....#
#######O.##...##..#..###.##.....#
y... #†)#....#[..#...##.##.....#
..). #J.....##...#.#.##.##.....#
###9 ##....###....#.#.##.##.....#
#..####..!§§.#.#..#.###....#
#[##.....§§§§#.##.#'###....#
##........§§§§#.##......#####
#........(§@@§§.##.........#
##.[...)...4####.##.........#
###..).....#### #.##.........#
##....)...### #..'..>......#
......).)## ####...).....#
........†# #o.# #.........#
........## #.B# #.........#
.....##'# #..# #.........#
..####..# #..# ##....#####


You could see Frances (fast, poisoned, slow) and a red devil (summoned).

Vanquished Creatures
  9 hydras
  2 boulder beetles
  An ogre mage (D:12)
  2 two-headed ogres
  5 death yaks
  A centaur warrior (D:12)
  An alligator (Lair:5)
  Urug (D:11)
  Nergalle (D:11)
  A fire crab (Lair:5)
  A bog body (Lair:2)
  An orc knight (D:12)
  Pikel (D:5)
  2 oklob plants
  2 cyclopes (D:12)
  An ugly thing (D:12)
  Maurice (D:8)
  2 manticores (D:12)
  4 elephants (Lair:5)
  3 black mambas
  11 cane toads
  A gargoyle (D:12)
  Psyche (D:11)
  5 rime drakes
  An efreet (D:12)
  3 unseen horrors
  6 komodo dragons
  5 trolls
  Prince Ribbit (D:9)
  9 polar bears
  5 hornets (Lair:6)
  A slime creature (D:12)
  6 blink frogs
  A vampire (D:12)
  Sigmund (D:6)
  4 wraiths
  3 shadows
  9 spriggans (Lair:6)
  47 yaks
  4 wyverns
  3 basilisks
  Grum (D:11)
  3 vampire mosquitoes (D:12)
  2 nagas (Lair:3)
  A floating eye (Lair:4)
  An acid dragon (D:12)
  14 water moccasins
  4 orc warriors
  3 sky beasts
  3 black bears
  2 ice beasts
  2 ogres
  31 wolves
  4 boggarts
  14 centaurs
  A phantom (D:5)
  A kobold brigand (D:7)
  14 bullfrogs
  7 scorpions
  4 water moccasin zombies (D:5)
  A wyvern zombie (D:5)
  A water moccasin skeleton (D:6)
  A killer bee (D:5)
  3 wights (D:7)
  11 howler monkeys
  11 electric eels
  4 centaur zombies
  A bullfrog zombie (D:6)
  16 hounds
  A jelly (D:5)
  7 orc priests
  A bullfrog skeleton (D:5)
  2 iguanas (D:5)
  Natasha (thrice) (D:2)
  14 orc wizards
  A killer bee zombie (D:8)
  A hound skeleton (D:4)
  A howler monkey skeleton (D:4)
  A howler monkey zombie (D:9)
  3 gnolls (D:4)
  8 adders
  A white imp (D:6)
  An ufetubus (D:5)
  2 adder skeletons (D:4)
  4 worms
  5 dart slugs
  32 orcs
  4 ball pythons
  6 bats
  4 endoplasms
  6 giant cockroaches
  13 goblins
  8 hobgoblins
  12 kobolds
  6 quokkas
  11 frilled lizards
  4 rats
492 creatures vanquished.

Vanquished Creatures (collateral kills)
  A water moccasin (Lair:6)
1 creature vanquished.

Vanquished Creatures (others)
  53 fungi
  79 plants
  8 withered plants (D:1)
140 creatures vanquished.

Grand Total: 633 creatures vanquished

Notes
Turn   | Place    | Note
-------+----------+-------------------------------------------
     0 | D:1      | Gabide the Mummy Monk began the quest for the Orb.
     0 | D:1      | Reached XP level 1. HP: 18/18 MP: 1/1
    24 | D:1      | Found a faded altar of an unknown god.
   284 | D:1      | Reached XP level 2. HP: 24/24 MP: 2/2
   901 | D:1      | Found Usashraak's Antique Weapon Emporium.
  1365 | D:2      | Noticed Natasha
  1377 | D:2      | Killed Natasha
  1378 | D:2      | Reached XP level 3. HP: 10/29 MP: 3/3
  1775 | D:2      | Noticed Natasha
  1792 | D:2      | Killed Natasha
  1793 | D:2      | Reached XP level 4. HP: 11/37 MP: 4/4
  2007 | D:2      | Found a shimmering altar of Xom.
  2212 | D:2      | You fall into a shaft and drop 2 floors!
  2385 | D:2      | Noticed Natasha
  2395 | D:2      | Killed Natasha
  2860 | D:3      | Reached XP level 5. HP: 25/42 MP: 5/5
  3369 | D:3      | Found a stormy altar of Qazlal.
  3369 | D:3      | Found a radiant altar of Vehumet.
  3369 | D:3      | Found a basalt altar of Yredelemnul.
  3430 | D:3      | Noticed an ogre
  3432 | D:3      | Found an ancient bone altar of Kikubaaqudgha.
  3939 | D:4      | Found a staircase to the Ecumenical Temple.
  3945 | Temple   | Entered the Ecumenical Temple
  3959 | Temple   | Became a worshipper of Dithmenos the Shadowed
  3959 | Temple   | Reached * piety under Dithmenos
  3959 | Temple   | Reached ** piety under Dithmenos
  4695 | D:4      | Reached XP level 6. HP: 49/49 MP: 6/6
  4816 | D:4      | Noticed an ice beast
  4834 | D:4      | Killed an ice beast
  5071 | D:5      | Entered Level 5 of the Dungeon
  5130 | D:5      | Found Geiral's Antique Weapon Shoppe.
  5200 | D:5      | Reached skill level 5 in Fighting
  5444 | D:5      | Reached XP level 7. HP: 46/56 MP: 7/7
  5591 | D:5      | Reached *** piety under Dithmenos
  6787 | D:6      | Reached skill level 5 in Unarmed Combat
  6798 | D:6      | Reached skill level 5 in Dodging
  6884 | D:5      | Reached XP level 8. HP: 45/64 MP: 8/8
  7006 | D:5      | Identified the +7 spear "Murmur" {holy, Fly SInv}
  8453 | D:5      | Noticed Pikel
  8525 | D:5      | Killed Pikel
  8526 | D:5      | Reached XP level 9. HP: 9/72 MP: 6/9
 10259 | D:6      | Noticed Sigmund
 10274 | D:6      | Killed Sigmund
 11314 | D:7      | Reached **** piety under Dithmenos
 12208 | D:8      | Found a burning altar of Makhleb.
 12551 | D:8      | Found an ornate altar of the Wu Jian Council.
 12769 | D:8      | Reached XP level 10. HP: 34/82 MP: 10/10
 13021 | D:8      | Noticed Maurice
 13053 | D:8      | Killed Maurice
 13777 | D:9      | Noticed Prince Ribbit
 13825 | D:9      | Killed Prince Ribbit
 14049 | D:9      | Noticed a two-headed ogre
 14321 | D:9      | Noticed Harold
 14357 | D:9      | Found a shimmering altar of Xom.
 14401 | D:9      | Found the +8 woodcutter's axe {vorpal}
 14527 | D:10     | Entered Level 10 of the Dungeon
 15013 | D:10     | Reached skill level 10 in Fighting
 15669 | D:10     | Reached ***** piety under Dithmenos
 15890 | D:10     | Found a staircase to the Lair.
 16276 | D:10     | Found a bloodstained altar of Trog.
 16291 | D:10     | Found a blossoming altar of Fedhas.
 16503 | D:11     | Noticed an eight-headed hydra
 16527 | D:10     | Reached XP level 11. HP: 92/92 MP: 11/11
 16537 | Lair:1   | Entered Level 1 of the Lair of Beasts
 16757 | Lair:1   | Noticed a six-headed hydra
 16814 | Lair:1   | Killed a six-headed hydra
 17218 | D:11     | Noticed Nergalle
 17257 | D:11     | Noticed a two-headed ogre
 17283 | D:11     | Killed a two-headed ogre
 17313 | D:11     | Noticed Urug
 18005 | Lair:1   | Noticed an oklob plant
 18663 | Lair:1   | Noticed an oklob plant
 18755 | Lair:1   | Noticed an oklob plant
 19535 | D:12     | Identified the +1 rapier "Sarcophage" {antimagic, rC++
                  | Will++ Stlth-}
 19605 | D:12     | Found a staircase to the Orcish Mines.
 19702 | D:12     | Noticed a boulder beetle
 19709 | D:12     | Noticed an orc knight
 20528 | D:12     | Noticed a four-headed hydra
 20543 | D:12     | Killed a four-headed hydra
 20544 | D:12     | Reached skill level 10 in Dodging
 20544 | D:12     | Reached skill level 10 in Unarmed Combat
 20605 | D:12     | Noticed an ogre mage
 20605 | D:12     | Noticed Frances
 20605 | D:12     | Noticed a boulder beetle
 20605 | D:12     | Noticed a death knight
 20649 | D:12     | Reached XP level 12. HP: 102/102 MP: 12/12
 20703 | D:12     | Noticed a centaur warrior
 20721 | D:12     | Killed a centaur warrior
 20740 | D:11     | Noticed Psyche
 20745 | D:11     | Killed Psyche
 21107 | D:11     | Noticed Grum
 21117 | D:11     | Killed Grum
 21521 | D:11     | Found a shimmering altar of Xom.
 22304 | Lair:2   | Noticed a five-headed hydra
 22369 | Lair:2   | Killed a five-headed hydra
 22500 | Lair:2   | Found a staircase to the Swamp.
 23039 | Lair:3   | Noticed a four-headed hydra
 23066 | Lair:3   | Killed a four-headed hydra
 23344 | Lair:3   | Found a staircase to the Snake Pit.
 23503 | Lair:3   | Gained mutation: You are in touch with the powers of death.
                  | [Mummy growth]
 23503 | Lair:3   | Reached XP level 13. HP: 88/111 MP: 13/13
 23577 | Lair:3   | Found a shimmering altar of Xom.
 23661 | Lair:3   | Reached ****** piety under Dithmenos
 26395 | Lair:6   | Entered Level 6 of the Lair of Beasts
 27590 | Lair:6   | Identified the +2 chain mail "Ostruyx" {rPois Int-4 Dex+3
                  | Stlth+}
 27932 | Lair:6   | Reached XP level 14. HP: 105/120 MP: 14/14
 28856 | Lair:6   | Found a viscous altar of Jiyva.
 28856 | Lair:6   | Found a staircase to the Slime Pits.
 29546 | D:11     | Killed Nergalle
 30073 | D:11     | Killed Urug
 30789 | D:12     | Slain by Frances

Illustrated notes

Levels and vault maps discovered:
D:1:      tarquinn_simple_flora_water_a, layout_loops_corners,
          shapermc_ecumenical_altar_flowoftime, serial_shops, shop_fountains,
          minmay_lizard_king
D:2:      layout_loops_ring, basic_altar, uniq_natasha
D:3:      layout_basic, minmay_overflow_temple_hex
D:4:      minmay_thick_lines, layout_basic, minmay_temple_entry_fiery
D:5:      kb_forest_paths, layout_basic, serial_shops,
          nicolae_shop_overgrown_old_shop, minmay_misc_feat_x,
          minmay_joined_circles, uniq_pikel
D:6:      layout_rooms, nicolae_sextant, kennysheep_crisscross, uniq_sigmund
D:7:      layout_loops_corners
D:8:      layout_loops_ring, mainiacjoe_overflow_catwalk, amcnicky_altar_gilded,
          minmay_crystal_room, uniq_maurice
D:9:      layout_roguey, mainiacjoe_overflow_surrounded_room,
          uniq_prince_ribbit1, uniq_harold
D:10:     layout_stronghold, mainiacjoe_overflow_catwalk_spiral,
          erik_lair_island
D:11:     layout_basic, tgw_xom, uniq_urug, uniq_grum, uniq_nergalle,
          uniq_psyche
D:12:     minmay_quarter_circles, layout_basic, uniq_frances
Temple:   pf_slimified_temple
Lair:1:   dpeg_oklob_gauntlet, layout_cellular_growth,
          dreamdust_deal_with_the_devil
Lair:2:   layout_regular_city, skrybe_swamp_entry_bodies, serial_bayou,
          serial_bayou_crossing, serial_bayou_pond_d, serial_bayou_ford_a,
          serial_bayou_lagoon_a, chequers_serial_rivers_small_a,
          chequers_serial_rivers_micro_b, gammafunk_lair_bear_cave
Lair:3:   layout_regular_city, guppyfry_snake_entry_garden, basic_altar,
          serial_bayou_shore_b, grunt_megastairs_4
Lair:4:   layout_gridlike, gauntlet_entry_generic, disabler_island
Lair:5:   layout_small_grid, serial_bayou_shore_a
Lair:6:   minmay_lair_end_enchanted_forest, layout_regular_city,
          dpeg_slime_entry_enclosed_altar, lemuel_fruit_tree, grunt_megastairs_1

Skill      XL: |  1  2  3  4  5  6  7  8  9 10 11 12 13 14 |
---------------+-------------------------------------------+-----
Dodging        | 3 4 5 6 7 8 10 11 12 | 12.0
Unarmed Combat | 3 4 5 6 7 8 10 11 13 14 | 14.6
Fighting       | 4 5 6 7 8 10 11 13 14 | 14.0
Stealth        | |  1.5

Action                   |  1- 3 |  4- 6 |  7- 9 | 10-12 | 13-15 || total
-------------------------+-------+-------+-------+-------+-------++-------
Melee: Unarmed           |   152 |   349 |   621 |   204 |   674 ||  2000
       Punch             |     2 |     9 |    21 |    51 |    98 ||   181
       War axe           |       |       |       |   438 |   181 ||   619
Throw: Dart              |       |       |       |    53 |    40 ||    93
       Javelin           |       |       |       |     3 |    13 ||    16
Invok: Shadow Step       |       |       |     1 |       |     1 ||     2
Evoke: Wand              |       |       |       |    32 |    15 ||    47
       Lightning rod     |       |       |       |     4 |       ||     4
  Use: Scroll            |     2 |     7 |     7 |     9 |     7 ||    32
 Stab: Sleeping          |       |     1 |     7 |    16 |    10 ||    34
       Distracted        |       |       |       |     3 |     4 ||     7
       Paralysed         |       |       |       |     5 |       ||     5
Armor: Ring mail         |    55 |    98 |   179 |       |       ||   332
       Robe              |     1 |       |       |    69 |       ||    70
       Troll leather arm |       |       |       |   125 |   161 ||   286
Dodge: Dodged            |    77 |   192 |   389 |   599 |   912 ||  2169
